AoeStats
← arthur

Team Islands

503209755Analyzed
2v2 RM · 1mo ago on Aug 30, 2026· 13m 38s· 4 players
Game mode
Random Map
Map size
185×185
Population
200
Speed
Normal
Resources
Standard
Victory
Conquest
Starting age
Dark Age
Ending age
Imperial Age
RankedLock teamsTeams togetherTeam positionsShared explorationLock speedFull tech treeHidden civsTurbo modeCheats
Victory
Defeat
🇵🇦 Malay · Panama
1339
+19
🇫🇷 Dravidians · France
1313
+20
🇹🇷 Turks · Türkiye
1408
-20
🇹🇷 Sicilians · Türkiye
1400
-19
arthur
7:08 Loom
9:22 Feudal Age
9:55 Double-Bit Axe
Juanfreelance
8:06 Loom
11:39 Feudal Age
15:33 Castle Age
13:33 Man-at-Arms
BlueSh
5:59 Loom
Kırmızı Balık
11:02 Feudal Age
14:36 Castle Age
Connection lost

Rejoining the realm…

Still unreachable

The connection could not be restored.

Session expired

The server has moved on; the page needs a fresh start.